 Dungeon Crawl Stone Soup version 0.29-a0-241-g20d21d4356 (webtiles) character file.

Game seed: 17654077521210955076

173 Anunax the Stinger (level 5, -1/24 HPs)
             Began as a Spriggan Venom Mage on Mar 4, 2022.
             Killed from afar by Blork the orc (13 damage)
             ... with a puff of flame
             ... on level 4 of the Dungeon.
             The game lasted 00:19:30 (2977 turns).

Anunax the Stinger (Spriggan Venom Mage)            Turns: 2977, Time: 00:19:31

Health: -1/24      AC:  4    Str:  4      XL:     5   Next: 28%
Magic:  7/12       EV: 17    Int: 18      God:
Gold:   57         SH:  0    Dex: 14 (16) Spells: 11/12 levels left

rFire   . . .      SeeInvis +   b - +1 dagger (flame)
rCold   . . .      Faith    .   (no shield)
rNeg    . . .      Spirit   .   a - +0 robe
rPois   .          Reflect  .   (helmet restricted)
rElec   .          Harm     .   (no cloak)
rCorr   .          Rampage  .   (gloves unavailable)
Will    .....                   (boots unavailable)
Stlth   ++........              (no amulet)
HPRegen 0.08/turn               (no ring)
MPRegen 0.13/turn               (no ring)

@: very quick
A: very small, no large weapons, unfitting armour, see invisible, speed 3,
iridescent scales 1, deterioration 1, mutation resistance 1
a: no special abilities


You were on level 4 of the Dungeon.
You visited 1 branch of the dungeon, and saw 4 of its levels.

You collected 157 gold pieces.
You spent 100 gold pieces at shops.

Inventory:

Hand Weapons
 b - a +1 dagger of flaming (weapon)
 g - a +1 short sword of speed
 k - a +0 dagger of venom
Missiles
 c - a throwing net (quivered)
Armour
 a - a +0 robe (worn)
Jewellery
 d - a ring of resist corrosion
Scrolls
 f - a scroll of amnesia
 h - a scroll of teleportation
 i - a scroll of identify
Potions
 e - 2 potions of heal wounds
 j - a potion of magic
 l - a potion of flight


   Skills:
 + Level 0.1 Fighting
 + Level 0.6 Short Blades
 + Level 3.1 Dodging
 + Level 3.6 Stealth
 + Level 4.2 Spellcasting
 + Level 3.1 Transmutations
 + Level 4.3 Poison Magic


You had 11 spell levels left.
You knew the following spells:

 Your Spells              Type           Power      Damage    Failure   Level
a - Sting                 Tmut/Pois      68%        1d6       3%          1

Your spell library contained the following spells:

 Spells                   Type           Power      Damage    Failure   Level
 Beastly Appendage        Tmut           30%        N/A       4%          1
 Wereblood                Tmut           15%        N/A       6%          2
 Poisonous Vapours        Pois/Air       22%        N/A       9%          2
 Spider Form              Tmut/Pois      17%        N/A       10%         3
 Passwall                 Tmut/Erth      7%         N/A       12%         2
 Ensorcelled Hibernation  Hex/Ice        6%         N/A       22%         2
 Mephitic Cloud           Conj/Pois/Air  9%         N/A       24%         3
 Olgreb's Toxic Radiance  Pois           19%        N/A       24%         4
 Swiftness                Air            3%         N/A       41%         3


Dungeon Overview and Level Annotations

Branches:
Dungeon (4/15)
 Temple: D:4-7

Altars:

Shops:
D:3 *

Annotations:
D:4 Blork the orc


Innate Abilities, Weirdness & Mutations

You are very small and have problems with some larger weapons.
You are too small for most types of armour.
You have supernaturally acute eyesight. (SInv)
You cover ground extremely quickly. (Speed+++)
You are partially covered in iridescent scales. (AC +2)
Your body sometimes deteriorates upon taking damage.
You are somewhat resistant to further mutation.


Message History

Press: ? - help, Shift-Dir - straight line, f/p - Blork the orc
Aim: Blork the orc, wielding a +0 long sword and wearing a +0 robe (moderately wounded, very poisoned, 77% to hit)
The sting hits Blork the orc.
Blork the orc looks even sicker.
Blork the orc is heavily wounded.
Blork the orc looks braver for a moment.
Casting: Sting (safe; 3% risk of failure)
Confirm with . or Enter, or press ? or * to list all spells.
Aiming: Sting (safe; 3% risk of failure)
Press: ? - help, Shift-Dir - straight line, f/p - Blork the orc
Aim: Blork the orc, wielding a +0 long sword and wearing a +0 robe (heavily wounded, very poisoned, 77% to hit)
The sting hits Blork the orc but does no damage.
Blork the orc looks as sick as possible!
Blork the orc is heavily wounded.
Blork the orc casts a spell.
Blork the orc seems to speed up.
Your magical contamination has completely faded away.
Casting: Sting (safe; 3% risk of failure)
Confirm with . or Enter, or press ? or * to list all spells.
Aiming: Sting (safe; 3% risk of failure)
Press: ? - help, Shift-Dir - straight line, f/p - Blork the orc
Aim: Blork the orc, wielding a +0 long sword and wearing a +0 robe (heavily wounded, fast, extremely poisoned, 77% to hit)
The sting hits Blork the orc.
Blork the orc looks as sick as possible!
Blork the orc is heavily wounded.
Blork the orc gestures at you while chanting.
The magic dart hits you!
Your body deteriorates!
You feel clumsy.
You hit Blork the orc but do no damage.
Blork the orc is heavily wounded.
Blork the orc hits you with a +0 long sword.
Your body deteriorates!
You feel clumsy.
You hit Blork the orc. You burn Blork the orc.
Blork the orc is severely wounded.
Blork the orc completely misses you. Blork the orc misses you.
You hit Blork the orc but do no damage.
Blork the orc is severely wounded.
Blork the orc points at you and mumbles some strange words.
The puff of flame hits you!
Ouch! That really hurt!
You die...

..# ..# ###
..# #.. #.#
#.# #.# #.#
#.##########.#
#.##.@o......#
#.##)#########
#....# #
###..# #. #..#
#.# .. #.)#
#.# #.##..#
#.# #.....#
... #.##.##


You could see Blork the orc (fast, very poisoned).

Vanquished Creatures
  An ogre (D:4)
  4 adders
  2 dart slugs (D:3)
  2 orcs (D:3)
  7 ball pythons
  5 endoplasms
  A giant cockroach (D:1)
  3 goblins
  3 hobgoblins
  2 jackals (D:2)
  4 kobolds
  2 quokkas
  2 bats (D:3)
  5 frilled lizards
  2 rats
45 creatures vanquished.

Notes
Turn   | Place    | Note
-------+----------+-------------------------------------------
     0 | D:1      | Anunax the Spriggan Venom Mage began the quest for the Orb.
     0 | D:1      | Reached XP level 1. HP: 9/9 MP: 5/5
   352 | D:1      | Reached XP level 2. HP: 10/13 MP: 5/7
   479 | D:1      | Gained mutation: Your body sometimes deteriorates upon
                  | taking damage. [potion of mutation]
   479 | D:1      | Gained mutation: You are partially covered in iridescent
                  | scales. (AC +2) [potion of mutation]
   479 | D:1      | Gained mutation: You are somewhat resistant to further
                  | mutation. [potion of mutation]
   869 | D:1      | Found a faded altar of an unknown god.
  1278 | D:2      | Reached XP level 3. HP: 16/16 MP: 5/8
  2319 | D:3      | Found Gusesishredgh's General Store.
  2327 | D:3      | Bought a scroll of identify for 20 gold pieces
  2327 | D:3      | Bought a potion of magic for 80 gold pieces
  2354 | D:3      | Reached XP level 4. HP: 11/21 MP: 5/10
  2875 | D:4      | Noticed an ogre
  2885 | D:4      | Killed an ogre
  2886 | D:4      | Reached XP level 5. HP: 19/24 MP: 8/12
  2960 | D:4      | Noticed Blork the orc
  2977 | D:4      | Killed from afar by Blork the orc

Illustrated notes

Levels and vault maps discovered:
D:1:      minmay_arrival_stair_chambers, layout_loops_cross,
          ebering_ecumenical_altar_webs, roderic_roman_lattice, minivault_26
D:2:      wander_river, layout_rooms
D:3:      layout_rooms, serial_shops, shop, grunt_ministairs_3
D:4:      layout_loops_ring, uniq_natasha, uniq_blork_the_orc

Skill      XL: |  1  2  3  4 |
---------------+-------------+-----
Spellcasting   | 3 4 |  4.2
Transmutations | 2 3 |  3.1
Poison Magic   | 4 |  4.3
Dodging        | 3 |  3.1
Fighting       | |  0.1
Short Blades   | |  0.6
Stealth        | |  3.6

Action                   |  1- 3 |  4- 6 || total
-------------------------+-------+-------++-------
Melee: Dagger            |    51 |    19 ||    70
 Cast: Sting             |    53 |    24 ||    77
  Use: Scroll            |     5 |       ||     5
       Potion            |     4 |       ||     4
Armor: Robe              |    10 |     2 ||    12
Dodge: Dodged            |    31 |    18 ||    49

Table legend: (Time is in decaauts)
 A = Elapsed time spent in this place.
 B = Non-inter-level travel time spent in this place.
 C = Inter-level travel time spent in this place.
 D = Time resting spent in this place.
 E = Time spent auto-exploring this place.
 F = Levels seen in this place.
 G = Mean time per level.
                   A        B        C        D        E       F      G
               +--------+--------+--------+--------+--------+-----+--------+
         Total |   2303 |   2214 |     89 |      0 |   1846 |   4 |  575.8 |
       Dungeon |   2303 |   2214 |     89 |      0 |   1846 |   4 |  575.8 |
               +--------+--------+--------+--------+--------+-----+--------+

Top non-repeatable levels by time:
     D:3: 942 daAuts
     D:1: 883 daAuts
     D:2: 345 daAuts
     D:4: 131 daAuts
